[Event "Live Chess"]
[Site "Chess.com"]
[Date "2021.02.28"]
[Round "-"]
[White "O`Donnell, Matthew"]
[Black "Vijayakumar, Rishi"]
[Result "1-0"]
[BlackElo "1630"]
[CurrentPosition "R3k2r/8/6K1/6P1/5P2/8/8/8 b - -"]
[ECO "A45"]
[ECOUrl "https://www.chess.com/openings/Indian-Game"]
[EndDate "2021.02.28"]
[EndTime "14:45:29"]
[Link "https://www.chess.com/live/game/8259846713"]
[StartTime "14:00:29"]
[Termination "msod92 won by resignation"]
[TimeControl "1500+10"]
[Timezone "UTC"]
[UTCDate "2021.02.28"]
[UTCTime "14:00:29"]
[WhiteElo "1861"]

1. d4 Nf6 2. Bf4 e6 3. Nf3 c5 4. e3 Qb6 5. Nc3 a6 6. dxc5 Bxc5 7. Na4 Qa5+ 8. c3 Be7 9. b4 Qd8 10. Bd3 Nc6 11. O-O O-O 12. Qc2 d6 13. Rfd1 Qc7 14. Rac1 e5 15. Bg5 h6 16. Bxf6 Bxf6 17. a3 Re8 18. c4 Be6 19. Nc3 Ne7 20. Ne4 Rad8 21. Nxf6+ gxf6 22. Nh4 Kh8 23. Nf5 Nxf5 24. Bxf5 Rg8 25. Bxe6 fxe6 26. Qe4 Qh7 27. Qh4 Qg6 28. g3 Kh7 29. c5 dxc5 30. bxc5 Qf5 31. Rd6 Rc8 32. e4 Qg5 33. Qxg5 hxg5 34. Rxe6 Kg6 35. c6 Rg7 36. Kg2 b5 37. Rd1 Rgc7 38. Rdd6 a5 39. Rxf6+ Kg7 40. Rg6+ Kf7 41. Rxg5 Rxc6 42. Rxc6 Rxc6 43. Rxe5 Rb6 44. Rd5 a4 45. h4 b4 46. axb4 Rxb4 47. Ra5 Rxe4 48. f3 Re2+ 49. Kh3 Ra2 50. Kg4 a3 51. f4 Ra1 52. Kf5 a2 53. g4 Kg7 54. g5 Kf7 55. Ra7+ Ke8 56. h5 Rh1 57. Rxa2 Rxh5 58. Kg6 Rh8 59. Ra8+ 1-0

[Event "Live Chess"]
[Site "Chess.com"]
[Date "2021.02.28"]
[Round "-"]
[White "Flood, Raymond"]
[Black "Keenan, Alex"]
[Result "1/2-1/2"]
[BlackElo "1806"]
[CurrentPosition "8/4kp2/4p2p/1p2P3/1P3r2/2PK1P2/8/7R w - -"]
[ECO "A45"]
[ECOUrl "https://www.chess.com/openings/Indian-Game"]
[EndDate "2021.02.28"]
[EndTime "14:28:56"]
[Link "https://www.chess.com/live/game/8259850397"]
[StartTime "14:00:51"]
[Termination "Game drawn by repetition"]
[TimeControl "1500+10"]
[Timezone "UTC"]
[UTCDate "2021.02.28"]
[UTCTime "14:00:51"]
[WhiteElo "1605"]

1. d4 Nf6 2. Bf4 d5 3. e3 c5 4. c3 Nc6 5. Bd3 e6 6. Nf3 Bd6 7. Bg3 Bxg3 8. hxg3 cxd4 9. exd4 Qb6 10. Qc2 h6 11. Nbd2 Bd7 12. Nb3 Na5 13. Nc5 Bb5 14. Bxb5+ Qxb5 15. Ne5 Ne4 16. Nxe4 dxe4 17. b4 Nc4 18. Qxe4 Nxe5 19. Qxe5 Qxe5+ 20. dxe5 Rc8 21. Rc1 Rc4 22. f4 Ke7 23. Ke2 Rhc8 24. Kd3 b5 25. Rhd1 g5 26. Rf1 gxf4 27. gxf4 Rg8 28. Rf2 Rg4 29. a4 a6 30. axb5 axb5 31. Rh1 Rg3+ 32. Rf3 Rxf3+ 33. gxf3 Rxf4 34. Ke3 Rc4 35. Kd3 Rf4 36. Ke3 Rc4 37. Kd3 Rf4 1/2-1/2

[Event "Live Chess"]
[Site "Chess.com"]
[Date "2021.02.28"]
[Round "-"]
[White "Wardlaw, Tom"]
[Black "Seijas Otero, Ana Belen"]
[Result "1-0"]
[BlackElo "1319"]
[CurrentPosition "1k5b/1p3n2/p4PBp/3N2p1/2N5/8/P4PPP/6K1 b - -"]
[ECO "A40"]
[ECOUrl "https://www.chess.com/openings/Queens-Pawn-Opening-Horwitz-Defense-2.c4"]
[EndDate "2021.02.28"]
[EndTime "14:27:55"]
[Link "https://www.chess.com/live/game/8259853679"]
[StartTime "14:01:14"]
[Termination "TomChess50 won by resignation"]
[TimeControl "1510"]
[Timezone "UTC"]
[UTCDate "2021.02.28"]
[UTCTime "14:01:14"]
[WhiteElo "1500"]

1. c4 e6 2. d4 d5 3. Nf3 Nf6 4. Nc3 g6 5. Bg5 Bg7 6. e3 c5 7. cxd5 exd5 8. dxc5 Qa5 9. Qd2 Qxc5 10. Bxf6 Bxf6 11. Nxd5 Bg7 12. Rc1 Qd6 13. Rxc8+ Kd7 14. Rxh8 Bxh8 15. Bb5+ Nc6 16. O-O Rd8 17. Nf4 Qxd2 18. Nxd2 Bxb2 19. Nc4 Bg7 20. Rd1+ Kc7 21. Rxd8 Nxd8 22. Nd5+ Kb8 23. Nd6 f5 24. e4 a6 25. Bd3 Be5 26. Nc4 Bh8 27. exf5 g5 28. f6 h6 29. Bf5 Nf7 30. Bg6 1-0

[Event "Live Chess"]
[Site "Chess.com"]
[Date "2021.02.28"]
[Round "-"]
[White "Kelly, Conor"]
[Black "Wilson, Andy"]
[Result "1-0"]
[BlackElo "1470"]
[CurrentPosition "1b3R1k/1p6/2p3Q1/p2pP3/P2P4/2P4P/1P4P1/6K1 b - -"]
[ECO "C28"]
[ECOUrl "https://www.chess.com/openings/Bishops-Opening-Berlin-Vienna-Hybrid-Variation"]
[EndDate "2021.02.28"]
[EndTime "14:54:26"]
[Link "https://www.chess.com/live/game/8260420175"]
[StartTime "14:09:14"]
[Termination "kellycj42 won by checkmate"]
[TimeControl "1500+10"]
[Timezone "UTC"]
[UTCDate "2021.02.28"]
[UTCTime "14:09:14"]
[WhiteElo "1342"]

1. e4 e5 2. Nc3 Nc6 3. Bc4 Nf6 4. d3 h6 5. f4 exf4 6. Bxf4 Bb4 7. Ne2 O-O 8. O-O d6 9. Nd5 Nxd5 10. Bxd5 Ne7 11. Bb3 Ng6 12. Be3 Bg4 13. h3 Be6 14. c3 Ba5 15. d4 Bb6 16. a4 a5 17. Ng3 Bxb3 18. Qxb3 Ne7 19. Rf3 d5 20. Raf1 Ba7 21. Qc2 c6 22. e5 Qd7 23. Nh5 Rac8 24. Bxh6 Qe6 25. Qd2 gxh6 26. Nf6+ Qxf6 27. Rxf6 Ng6 28. Qxh6 Rce8 29. R1f3 Re6 30. Rxe6 Bb8 31. Rxg6+ fxg6 32. Qxg6+ Kh8 33. Rxf8# 1-0

[Event "Live Chess"]
[Site "Chess.com"]
[Date "2021.02.28"]
[Round "-"]
[White "Perrie, Bill"]
[Black "McEvoy Gould, Kit"]
[Result "0-1"]
[BlackElo "1190"]
[CurrentPosition "8/1p6/8/p3pp2/P2kb3/1P6/1K6/8 w - -"]
[ECO "D04"]
[ECOUrl "https://www.chess.com/openings/Colle-System"]
[EndDate "2021.02.28"]
[EndTime "14:24:01"]
[Link "https://www.chess.com/live/game/8259828705"]
[StartTime "13:59:42"]
[Termination "KLM742 won by resignation"]
[TimeControl "1500+10"]
[Timezone "UTC"]
[UTCDate "2021.02.28"]
[UTCTime "13:59:42"]
[WhiteElo "1185"]

1. d4 d5 2. e3 Nf6 3. Nf3 Bf5 4. c3 e6 5. Bd3 Bg6 6. O-O Bd6 7. Nbd2 Bxd3 8. Re1 Ne4 9. Nxe4 Bxe4 10. Ne5 Bxe5 11. dxe5 Qg5 12. f3 Bg6 13. Rf1 Qxe5 14. f4 Qf5 15. Qa4+ Nc6 16. Qd1 Qd3 17. Qxd3 Bxd3 18. Re1 Be4 19. b3 O-O-O 20. a4 g5 21. fxg5 Rhg8 22. Re2 Rxg5 23. g3 Rdg8 24. Raa2 h5 25. Bd2 h4 26. Be1 hxg3 27. Bxg3 Ne7 28. Kf1 Nf5 29. Ke1 Nxg3 30. hxg3 Rxg3 31. Kd2 e5 32. c4 c6 33. cxd5 cxd5 34. Kc1 Rg1+ 35. Kb2 R1g2 36. Rxg2 Rxg2+ 37. Ka3 Rxa2+ 38. Kxa2 f5 39. Kb2 a5 40. Kc1 Kc7 41. Kd2 Kc6 42. Kc3 Kc5 43. Kb2 d4 44. exd4+ Kxd4 0-1

[Event "Live Chess"]
[Site "Chess.com"]
[Date "2021.02.28"]
[Round "-"]
[White "Linskaill, Chris"]
[Black "Munshi, Aryan"]
[Result "0-1"]
[BlackElo "1498"]
[CurrentPosition "6k1/8/r5pR/5nP1/8/6K1/8/8 w - -"]
[ECO "A15"]
[ECOUrl "https://www.chess.com/openings/English-Opening-Anglo-Indian-Kings-Knight-Variation"]
[EndDate "2021.02.28"]
[EndTime "15:23:43"]
[Link "https://www.chess.com/live/game/8260520181"]
[StartTime "14:15:33"]
[Termination "Munchbox1610 won by resignation"]
[TimeControl "1500+10"]
[Timezone "UTC"]
[UTCDate "2021.02.28"]
[UTCTime "14:15:33"]
[WhiteElo "1507"]

1. Nf3 Nf6 2. c4 g6 3. b3 Bg7 4. Bb2 d6 5. d4 O-O 6. g3 Nbd7 7. Bg2 c6 8. O-O Qc7 9. Nbd2 e5 10. e4 b6 11. Rc1 exd4 12. Nxd4 Ne5 13. Qc2 Ba6 14. Rfe1 Rac8 15. Bh3 Rcd8 16. f4 Ned7 17. N4f3 Rfe8 18. e5 dxe5 19. Nxe5 Nxe5 20. fxe5 Nh5 21. e6 fxe6 22. Bxe6+ Kh8 23. Bxg7+ Nxg7 24. Bh3 Bc8 25. Bxc8 Qxc8 26. Rf1 Qd7 27. Nf3 Nf5 28. Rcd1 Qg7 29. Rxd8 Rxd8 30. Re1 Qd7 31. Qe4 Qd3 32. Qe5+ Ng7 33. Kg2 Qd7 34. Qe7 Nf5 35. Qf6+ Kg8 36. g4 Rf8 37. Qe6+ Qxe6 38. Rxe6 Nh6 39. g5 Ng4 40. Rxc6 Ne3+ 41. Kf2 Nd1+ 42. Kg3 Nc3 43. Rc7 Nxa2 44. Rxa7 Nc1 45. b4 Nd3 46. Rb7 Nxb4 47. Rxb6 Nd3 48. Rd6 Nc5 49. Rd5 Ne4+ 50. Kg2 Rc8 51. Rd4 Nc5 52. h4 Ne6 53. Re4 Nc5 54. Rd4 Ne6 55. Rd6 Nf4+ 56. Kg3 Nh5+ 57. Kf2 Rxc4 58. Rd8+ Kg7 59. Nd4 Ra4 60. Ke3 Ng3 61. Rd7+ Kg8 62. Rd8+ Kg7 63. Ne6+ Kf7 64. Nf4 Nf5+ 65. Kf3 Nxh4+ 66. Kg4 Ng2 67. Rd7+ Ke8 68. Rxh7 Nxf4 69. Kg3 Ne6 70. Rh6 Kf7 71. Rh7+ Ng7 72. Kf3 Ra5 73. Kg4 Kg8 74. Rh6 Ra6 75. Kg3 Nf5+ 0-1

[Event "Live Chess"]
[Site "Chess.com"]
[Date "2021.02.28"]
[Round "-"]
[White "Vadalia, Jainill"]
[Black "Moon, Billy"]
[Result "1-0"]
[BlackElo "1412"]
[CurrentPosition "4Q3/3K2k1/6Q1/6p1/6Pp/7P/8/8 b - -"]
[ECO "B06"]
[ECOUrl "https://www.chess.com/openings/Modern-Defense-with-1-e4-2.d4"]
[EndDate "2021.02.28"]
[EndTime "14:46:58"]
[Link "https://www.chess.com/live/game/8260481911"]
[StartTime "14:13:38"]
[Termination "Jainill1003 won by checkmate"]
[TimeControl "1500+10"]
[Timezone "UTC"]
[UTCDate "2021.02.28"]
[UTCTime "14:13:38"]
[WhiteElo "1444"]

1. d4 g6 2. e4 Bg7 3. Nf3 d6 4. h3 b6 5. Nc3 Nf6 6. Bd3 O-O 7. Be3 c5 8. d5 Nfd7 9. Qd2 Ne5 10. Nxe5 Bxe5 11. O-O f5 12. Bh6 Rf7 13. Bf4 Bxf4 14. Qxf4 fxe4 15. Qxe4 Bf5 16. Qe3 Nd7 17. Ne4 Ne5 18. Ng5 Rf6 19. Bxf5 Rxf5 20. Ne6 Qd7 21. f4 Nf7 22. c4 Nd8 23. Rae1 Nxe6 24. Qxe6+ Qxe6 25. Rxe6 Re8 26. g3 Rf6 27. Rfe1 Rf7 28. Rxd6 Kg7 29. Rd7 e5 30. Rxf7+ Kxf7 31. fxe5 g5 32. g4 Kg6 33. Kg2 h5 34. Kg3 h4+ 35. Kg2 a6 36. a4 b5 37. axb5 axb5 38. cxb5 Rb8 39. d6 Kf7 40. e6+ Ke8 41. Kf3 Rxb5 42. Re2 Rb6 43. d7+ Ke7 44. Rd2 Rb8 45. Ke4 Rf8 46. Ke5 c4 47. d8=Q+ Rxd8 48. Rxd8 Kxd8 49. Kd6 Ke8 50. e7 Kf7 51. Kd7 c3 52. e8=Q+ Kf6 53. bxc3 Kg7 54. c4 Kh6 55. c5 Kg7 56. c6 Kh6 57. c7 Kg7 58. c8=Q Kh6 59. Qc6+ Kg7 60. Qcg6# 1-0

[Event "Live Chess"]
[Site "Chess.com"]
[Date "2021.02.28"]
[Round "-"]
[White "Wallace, Mike"]
[Black "McShane, James"]
[Result "0-1"]
[BlackElo "1341"]
[CurrentPosition "8/8/8/6p1/4n3/pk6/8/2K3q1 w - -"]
[ECO "A45"]
[ECOUrl "https://www.chess.com/openings/Indian-Game"]
[EndDate "2021.02.28"]
[EndTime "15:02:26"]
[Link "https://www.chess.com/live/game/8260458895"]
[StartTime "14:11:44"]
[Termination "Ubermunch won by checkmate"]
[TimeControl "1500+10"]
[Timezone "UTC"]
[UTCDate "2021.02.28"]
[UTCTime "14:11:44"]
[WhiteElo "947"]

1. d4 Nf6 2. e3 g6 3. Nf3 Bg7 4. Ng5 O-O 5. Be2 d6 6. Nd2 e5 7. dxe5 dxe5 8. O-O Nc6 9. c3 h6 10. Ngf3 e4 11. Nd4 Re8 12. f3 exf3 13. N2xf3 Bd7 14. Qb3 Na5 15. Qc2 c5 16. b4 cxd4 17. bxa5 dxe3 18. c4 Qxa5 19. Rb1 Bf5 20. Bd3 Bxd3 21. Qxd3 e2 22. Re1 Qxa2 23. Rb2 Qa5 24. Rbxe2 Rxe2 25. Qxe2 Re8 26. Qd3 Rxe1+ 27. Nxe1 Qxe1+ 28. Qf1 Qxf1+ 29. Kxf1 Ne4 30. Be3 a5 31. Ke2 f5 32. Kd3 a4 33. Kc2 Bf8 34. Kb1 Kf7 35. Ka2 Ke6 36. Bb6 Kd7 37. Ba5 Kc6 38. Kb2 b5 39. cxb5+ Kxb5 40. Bc7 Kc4 41. Kc2 a3 42. Be5 Be7 43. Kb1 Kb3 44. Bg7 h5 45. Be5 Bf6 46. Bxf6 Nxf6 47. g3 g5 48. h3 Ne4 49. g4 fxg4 50. hxg4 hxg4 51. Ka1 g3 52. Kb1 g2 53. Kc1 g1=Q# 0-1

[Event "Live Chess"]
[Site "Chess.com"]
[Date "2021.02.28"]
[Round "-"]
[White "Lukhi, Neev"]
[Black "Kerray, Bill"]
[Result "1-0"]
[BlackElo "1045"]
[CurrentPosition "3r4/4B3/P4k1p/3p1pp1/1P1P4/3b1P2/6PP/R3R1K1 b - -"]
[ECO "D00"]
[ECOUrl "https://www.chess.com/openings/Queens-Pawn-Opening-Accelerated-London-System"]
[EndDate "2021.02.28"]
[EndTime "14:58:16"]
[Link "https://www.chess.com/live/game/8261102387"]
[StartTime "14:24:03"]
[Termination "StPatKid won by resignation"]
[TimeControl "1500+10"]
[Timezone "UTC"]
[UTCDate "2021.02.28"]
[UTCTime "14:24:03"]
[WhiteElo "1382"]

1. d4 d5 2. Bf4 Nf6 3. Nf3 Nc6 4. e3 Bf5 5. c3 e6 6. Nbd2 Bd6 7. Bg3 h6 8. Qb3 Na5 9. Qa4+ Nc6 10. Bb5 Qd7 11. Ne5 Bxe5 12. Bxe5 a6 13. Nb3 O-O 14. Bxc6 Qxc6 15. Qxc6 bxc6 16. Bxc7 Bd3 17. Nc5 Bg6 18. O-O Ra7 19. Be5 Nd7 20. Nb3 a5 21. Bd6 Re8 22. Nc5 Nb6 23. b3 Nd7 24. b4 e5 25. Nxd7 Rxd7 26. Bxe5 axb4 27. cxb4 Bd3 28. Rfd1 Bc4 29. a4 Ra8 30. Rdc1 Rb7 31. Bd6 Rba7 32. a5 Bb5 33. Re1 Re8 34. f3 f5 35. Be5 Kf7 36. e4 Bd3 37. exd5 cxd5 38. Bd6 Rd8 39. Bc5 Kf6 40. Bxa7 Rd7 41. Bc5 g5 42. a6 Rd8 43. Be7+ 1-0

[Event "Live Chess"]
[Site "Chess.com"]
[Date "2021.02.28"]
[Round "-"]
[White "Dowle, Chris"]
[Black "Benson, Alice"]
[Result "1-0"]
[BlackElo "1206"]
[CurrentPosition "r3r2R/pb3pk1/2p1n2Q/1p2P3/6P1/P3PP2/1Bq1B1K1/7R b - -"]
[ECO "E51"]
[ECOUrl "https://www.chess.com/openings/Nimzo-Indian-Defense-Ragozin-Deferred-Samisch-Variation"]
[EndDate "2021.02.28"]
[EndTime "15:19:29"]
[Link "https://www.chess.com/live/game/8261060373"]
[StartTime "14:21:33"]
[Termination "jacksnipe won by checkmate"]
[TimeControl "1500+10"]
[Timezone "UTC"]
[UTCDate "2021.02.28"]
[UTCTime "14:21:33"]
[WhiteElo "1240"]

1. d4 Nf6 2. c4 e6 3. Nc3 Bb4 4. e3 O-O 5. Nf3 d5 6. a3 Bxc3+ 7. bxc3 c6 8. Bd3 Nbd7 9. O-O Re8 10. cxd5 exd5 11. Qc2 Ne4 12. c4 Ndf6 13. Ne5 h6 14. f3 Ng5 15. h4 dxc4 16. Bxc4 Ne6 17. Bb2 Nh5 18. Qf2 Qe7 19. g4 Nf6 20. Rae1 g5 21. Kg2 Nd7 22. hxg5 Nxe5 23. dxe5 Qxg5 24. Rh1 b5 25. Be2 Bb7 26. Rh5 Qg6 27. Reh1 Kh7 28. Qh4 Kg7 29. Rxh6 Qc2 30. Rh7+ Kf8 31. Rh8+ Kg7 32. Qh6# 1-0

[Event "Live Chess"]
[Site "Chess.com"]
[Date "2021.02.28"]
[Round "-"]
[White "Harley, Trevor"]
[Black "Shankar, Yashwardhan"]
[Result "1-0"]
[BlackElo "985"]
[CurrentPosition "8/2Q3p1/7p/2k5/ppPb4/7P/PP3PP1/4R1K1 b - -"]
[ECO "C64"]
[ECOUrl "https://www.chess.com/openings/Ruy-Lopez-Opening-Classical-Central-Variation"]
[EndDate "2021.02.28"]
[EndTime "11:43:21"]
[Link "https://www.chess.com/live/game/8249713113"]
[StartTime "11:16:30"]
[Termination "Lyrurus won by checkmate"]
[TimeControl "1500+10"]
[Timezone "UTC"]
[UTCDate "2021.02.28"]
[UTCTime "11:16:30"]
[WhiteElo "1439"]

1. e4 e5 2. Nf3 Nc6 3. Bb5 Bc5 4. c3 a6 5. Ba4 b5 6. Bb3 Nf6 7. d3 h6 8. O-O O-O 9. Nbd2 d6 10. h3 a5 11. Re1 a4 12. Bc2 d5 13. exd5 Nxd5 14. Nxe5 Nxe5 15. Rxe5 f6 16. Re1 Bf5 17. d4 Bxc2 18. Qxc2 Bb6 19. Nf3 Rc8 20. Qg6 Rf7 21. Nh4 f5 22. Nxf5 Kf8 23. Qh7 Rxf5 24. Qxf5+ Nf6 25. Bf4 b4 26. Be5 Kf7 27. Bxf6 Qxf6 28. Qxc8 Qe7 29. Rxe7+ Kxe7 30. Re1+ Kd6 31. c4 Bxd4 32. Qd8+ Kc5 33. Qxc7# 1-0

[Event "Live Chess"]
[Site "Chess.com"]
[Date "2021.02.28"]
[Round "-"]
[White "Ghatkar, Aaratrika"]
[Black "Bobak, Cosmo"]
[Result "0-1"]
[BlackElo "1323"]
[CurrentPosition "8/q7/8/K1k5/8/8/8/8 w - -"]
[ECO "C26"]
[ECOUrl "https://www.chess.com/openings/Vienna-Game-Falkbeer-Stanley-Variation"]
[EndDate "2021.02.28"]
[EndTime "11:45:43"]
[Link "https://www.chess.com/live/game/8249073411"]
[StartTime "11:03:27"]
[Termination "chaeronanaut won by checkmate"]
[TimeControl "1500+10"]
[Timezone "UTC"]
[UTCDate "2021.02.28"]
[UTCTime "11:03:27"]
[WhiteElo "912"]

1. e4 e5 2. Bc4 Nf6 3. Nc3 Bc5 4. d3 Nc6 5. Nf3 O-O 6. O-O d6 7. Nh4 Be6 8. Bxe6 fxe6 9. Qf3 d5 10. Qg3 d4 11. Nb5 a6 12. Na3 Qe7 13. Nc4 Bd6 14. Bh6 Rf7 15. Nxd6 Qxd6 16. c3 Kh8 17. Bg5 h6 18. Ng6+ Kh7 19. Bxf6 gxf6 20. Nh4 Rg8 21. Qf3 Qf8 22. cxd4 Nxd4 23. Qd1 f5 24. exf5 Nxf5 25. Qh5 Rg5 26. Qe2 Nxh4 27. Qe4+ Nf5 28. Rfe1 Qg7 29. Rad1 Rg4 30. Qxb7 a5 31. d4 e4 32. Rxe4 Rxg2+ 33. Kf1 Rg1+ 34. Ke2 Rxd1 35. Kxd1 Nd6 36. Qc6 Nxe4 37. Qxe4+ Kg8 38. Qxe6 Qg1+ 39. Ke2 Qxf2+ 40. Kd3 Qxh2 41. a3 Qd6 42. Qxd6 cxd6 43. b4 axb4 44. axb4 h5 45. b5 h4 46. Kc4 Rc7+ 47. Kd5 h3 48. b6 Rb7 49. Kc6 Rxb6+ 50. Kxb6 h2 51. Kc6 h1=Q+ 52. Kxd6 Kf8 53. Kc5 Ke7 54. d5 Kd7 55. Kd4 Kd6 56. Kc3 Qxd5 57. Kb4 Qc5+ 58. Kb3 Kd5 59. Kb2 Kd4 60. Kb3 Qc8 61. Kb4 Qb8+ 62. Ka5 Kc5 63. Ka4 Qb7 64. Ka5 Qa7# 0-1

[Event "Live Chess"]
[Site "Chess.com"]
[Date "2021.02.28"]
[Round "-"]
[White "Whisson, Max"]
[Black "Bhaskar, Sriram"]
[Result "1-0"]
[BlackElo "992"]
[CurrentPosition "2R4k/6p1/7p/8/4Q3/1P3P1P/4K1P1/8 b - -"]
[ECO "C23"]
[ECOUrl "https://www.chess.com/openings/Bishops-Opening"]
[EndDate "2021.02.28"]
[EndTime "12:18:03"]
[Link "https://www.chess.com/live/game/8249705525"]
[StartTime "11:15:54"]
[Termination "ChessMwis won by checkmate"]
[TimeControl "1500+10"]
[Timezone "UTC"]
[UTCDate "2021.02.28"]
[UTCTime "11:15:54"]
[WhiteElo "1232"]

1. e4 e5 2. Bc4 Nc6 3. Nf3 Bc5 4. d3 h6 5. a3 Nd4 6. Nbd2 Nxf3+ 7. Nxf3 d6 8. b4 Bb6 9. Bb2 Nf6 10. h3 O-O 11. O-O Be6 12. Bb3 Bxb3 13. cxb3 c6 14. d4 Nxe4 15. dxe5 d5 16. Nd4 Qd7 17. a4 a6 18. Ba3 Rfe8 19. Nf3 f6 20. Bb2 Qe6 21. exf6 Nxf6 22. Bd4 Bxd4 23. Nxd4 Qd7 24. Qd3 Ne4 25. b5 a5 26. bxc6 bxc6 27. Rac1 c5 28. Nb5 Red8 29. f3 Ng3 30. Rfd1 Rac8 31. Kf2 Nf5 32. Nc3 Ne7 33. Ne2 d4 34. Qc4+ Kh8 35. Nf4 Qd6 36. Ne6 Rd7 37. Nxc5 Rxc5 38. Qxc5 Qxc5 39. Rxc5 Rb7 40. Rb1 d3 41. Ke3 Rd7 42. Rd1 Nd5+ 43. Kd2 Nb4 44. Rxa5 Nc6 45. Rc5 Nb4 46. Ra1 Re7 47. Re1 Re2+ 48. Rxe2 dxe2 49. Kxe2 Nc2 50. Rxc2 Kg8 51. a5 Kh7 52. a6 Kh8 53. a7 Kh7 54. a8=Q Kg6 55. Rc5 Kh7 56. Qe4+ Kh8 57. Rc8# 1-0

[Event "Live Chess"]
[Site "Chess.com"]
[Date "2021.02.28"]
[Round "-"]
[White "Singh, Ishaan"]
[Black "Meadows, Henri"]
[Result "1/2-1/2"]
[BlackElo "1008"]
[CurrentPosition "8/8/8/5k2/6RK/1r6/8/8 w - -"]
[ECO "D00"]
[ECOUrl "https://www.chess.com/openings/Queens-Pawn-Opening-Accelerated-London-System"]
[EndDate "2021.02.28"]
[EndTime "11:36:41"]
[Link "https://www.chess.com/live/game/8249659479"]
[StartTime "11:12:36"]
[Termination "Game drawn by agreement"]
[TimeControl "1500+10"]
[Timezone "UTC"]
[UTCDate "2021.02.28"]
[UTCTime "11:12:36"]
[WhiteElo "734"]

1. d4 d5 2. Bf4 b6 3. e3 Bb7 4. Nf3 e6 5. Nc3 Nf6 6. Bd3 Be7 7. O-O O-O 8. Re1 Nbd7 9. Re2 c5 10. Re1 c4 11. Be2 a5 12. Ne5 a4 13. Nb5 Ra5 14. Nxd7 Qxd7 15. Nc3 a3 16. b3 cxb3 17. Bb5 Rxb5 18. Nxb5 Qxb5 19. axb3 Ne4 20. Qe2 Qxe2 21. Rxe2 Ba6 22. Ree1 h6 23. f3 Nd2 24. e4 dxe4 25. Bxd2 exf3 26. g3 Rd8 27. c3 Rd5 28. Rf1 Rf5 29. b4 Bxf1 30. Kxf1 f2 31. Be3 Rf3 32. Bxf2 Rxc3 33. Be1 Rc4 34. Rxa3 Rxd4 35. Ra8+ Kh7 36. Ra7 Bxb4 37. Bxb4 Rxb4 38. Rxf7 Rb1+ 39. Ke2 Rb2+ 40. Kd1 Rxh2 41. Rb7 Rg2 42. Rxb6 Rxg3 43. Rxe6 h5 44. Re5 h4 45. Rh5+ Kg8 46. Rxh4 g5 47. Rh1 g4 48. Ke2 Ra3 49. Kf2 Kg7 50. Rh4 g3+ 51. Kg2 Kg6 52. Rg4+ Kf5 53. Rxg3 Ra2+ 54. Kh3 Kf4 55. Rg4+ Kf5 56. Kg3 Ra3+ 57. Kh4 Rb3 1/2-1/2

[Event "Live Chess"]
[Site "Chess.com"]
[Date "2021.02.28"]
[Round "-"]
[White "Barron-Majerik, Alexander"]
[Black "Bell, Hunter"]
[Result "0-1"]
[BlackElo "844"]
[CurrentPosition "r1b1k2r/ppp2ppp/2p5/8/2B1P1Pq/2N5/PPPP1bP1/R1BQ1R1K w kq -"]
[ECO "C42"]
[ECOUrl "https://www.chess.com/openings/Petrovs-Defense-Classical-Stafford-Gambit"]
[EndDate "2021.02.28"]
[EndTime "11:19:59"]
[Link "https://www.chess.com/live/game/8249681025"]
[StartTime "11:14:18"]
[Termination "ScientificBobcat0 won by checkmate"]
[TimeControl "1500+10"]
[Timezone "UTC"]
[UTCDate "2021.02.28"]
[UTCTime "11:14:18"]
[WhiteElo "1010"]

1. e4 e5 2. Nf3 Nf6 3. Nxe5 Nc6 4. Nxc6 dxc6 5. Nc3 Bc5 6. Bc4 Ng4 7. O-O Qh4 8. h3 Bxf2+ 9. Kh1 Qg3 10. hxg4 Qh4# 0-1

[Event "Live Chess"]
[Site "Chess.com"]
[Date "2021.02.28"]
[Round "-"]
[White "Kitaev, Daniel"]
[Black "Heron, Sophie"]
[Result "1-0"]
[BlackElo "1234"]
[CurrentPosition "8/2p5/4Q3/3B1k2/1p3P1p/4B2P/1PP5/2K5 b - -"]
[ECO "B01"]
[ECOUrl "https://www.chess.com/openings/Scandinavian-Defense-Mieses-Kotrc-Variation-3.Nc3-Qd8"]
[EndDate "2021.02.28"]
[EndTime "11:28:16"]
[Link "https://www.chess.com/live/game/8249097675"]
[StartTime "11:05:16"]
[Termination "Ze_Yeet won by checkmate"]
[TimeControl "1500+10"]
[Timezone "UTC"]
[UTCDate "2021.02.28"]
[UTCTime "11:05:16"]
[WhiteElo "1548"]

1. e4 d5 2. exd5 Qxd5 3. Nc3 Qd8 4. Nf3 Nf6 5. Bc4 Bf5 6. d4 e6 7. h3 Be7 8. Be3 Nc6 9. Qd2 O-O 10. O-O-O a6 11. d5 exd5 12. Nxd5 b5 13. Bb3 a5 14. a4 b4 15. Qe2 Qc8 16. Qb5 Ra6 17. Qxc6 Rxc6 18. Nxe7+ Kh8 19. Nxc8 Rxc8 20. Nd4 Rc5 21. Nxf5 Rxf5 22. Bxf7 Rb8 23. Ba7 Ra8 24. Bb3 h6 25. Be3 Ne4 26. Bd5 Rd8 27. Bxe4 Rxd1+ 28. Rxd1 Re5 29. Bf3 Re8 30. Rd5 Ra8 31. Rb5 Ra6 32. Bb7 Rf6 33. Be4 Rf8 34. Rxa5 Rb8 35. Ra8 Rxa8 36. Bxa8 g5 37. Bd5 h5 38. a5 Kg7 39. a6 Kf6 40. a7 g4 41. a8=Q gxh3 42. Qc6+ Ke5 43. gxh3 h4 44. f4+ Kf5 45. Qe6# 1-0

[Event "Live Chess"]
[Site "Chess.com"]
[Date "2021.02.28"]
[Round "?"]
[White "Arya, Aadit"]
[Black "Kumar, Ishan"]
[Result "0-1"]
[ECO "C50"]
[WhiteElo "1410"]
[BlackElo "1486"]
[PlyCount "130"]
[EventDate "2021.??.??"]
[TimeControl "1500+10"]
[WhiteClock "0:29:04"]
[BlackClock "0:27:26"]

1. e4 e5 2. Nf3 Nc6 3. Bc4 Bc5 4. O-O Nf6 5. Nc3 O-O 6. d3 h6 7. h3 d6 8. Be3 Nd4 9. a3 Nxf3+ 10. Qxf3 Bxe3 11.
fxe3 Be6 12. Nd5 Nxd5 13. exd5 Bd7 14. d4 f6 15. Bd3 Qe7 16.
Qg3 e4 17. Be2 f5 18. Bh5 Qg5 19. Qxg5 hxg5 20. Rae1 Be8 21. Bd1 Bg6 22. g4 f4 23. c4 f3 24. Kf2 Be8 25. b4 Bd7 26. Bb3 a6 27. c5 Kh8 28.
Rh1 g6 29. h4 Bxg4 30. hxg5+ Bh5 31. cxd6 cxd6 32. Rh4 Rae8 33.
Ba4 Re7 34. b5 Rf5 35. bxa6 bxa6 36. Bc6 Rxg5 37. Rg1 Rxg1 38. Kxg1 Kg7 39. Kf2 Kh6 40. Rf4 Kg5 41. Kg3 a5 42. a4 Kh6 43. Rf6 Kg7 44. Rxd6 Rf7 45.
Kf2 g5 46. Rd7 g4 47. Rxf7+ Kxf7 48. d6 Ke6 49. d7 Ke7 50. d5 Bf7 51. d6+ Kd8 52. Bxe4 Be6 53. Bc6 Bxd7 54. Bxd7 Kxd7 55. e4 Kxd6 56. Ke3 Ke5 57. Kd3 f2 58. Ke2 g3 59. Kf1 Kxe4 60. Kg2 Ke3 61. Kf1 g2+ 62. Kxg2 Ke2 63. Kg3 f1=Q 64. Kg4 Qf3+ 65. Kg5 Ke3 {[%emt 0:00:01] ISK_GA won by resignation} 0-1